 Dungeon Crawl Stone Soup version 0.31-a0-925-g0a390f2509 (webtiles) character file.

Game seed: 9527246286575606760

781 lunkers the Martial Artist (level 8, 0/59 HPs)
             Began as a Meteoran Shapeshifter on Oct 18, 2023.
             Slain by an iguana (7 damage)
             ... on level 5 of the Dungeon.
             The game lasted 00:05:05 (1703 turns).

lunkers the Martial Artist (Meteoran Shapeshifter)  Turns: 1703, Time: 00:05:06

Health: 0/59       AC:  9    Str: 15    XL:     8   Next: 32%
Magic:  9/9        EV: 11    Int: 13    God:
Gold:   141        SH:  0    Dex: 15    Spells: 7/7 levels left

rFire   . .          .
                       - Unarmed
rCold   . . .        (no shield)
rNeg    . . .        m - +0 ring mail
rPois   .            (helmet currently unavailable)
rElec   .            (cloak currently unavailable)
rCorr   +            (gloves currently unavailable)
SInv    .            (boots currently unavailable)
Will    +....        (no amulet)
Stlth   +            i - +4 ring of protection
HPRegen 0.29/turn    t - ring of resist corrosion
MPRegen 0.11/turn

%: no passive effects
@: beast-form, glowing
A: beast (slay +3), sense surroundings 1, otherworldly, glowing, explore regen
a: Begin Untransformation


You were on level 5 of the Dungeon.
You were a hulking beast.
You visited 1 branch of the dungeon, and saw 5 of its levels.

You collected 141 gold pieces.

Inventory:

Hand Weapons
 b - a +4 quarterstaff of venom
Missiles
 h - 2 curare-tipped darts
Armour
 a - a +0 animal skin
 m - a +0 ring mail (worn)
 p - a +0 cloak
 r - a +0 cloak of preservation
Jewellery
 i - a +4 ring of protection (left hand)
 t - a ring of resist corrosion (right hand)
Talismans
 c - a beast talisman (active)
 d - a flux talisman
 w - a blade talisman
Scrolls
 k - a scroll of revelation
 l - a scroll of enchant weapon {unknown}
 o - a scroll of fog {unknown}
 s - a scroll of teleportation
 u - a scroll of poison
 v - a scroll of enchant armour {unknown}
 x - a scroll of fear {unknown}
 y - a scroll of noise {unknown}
Potions
 e - 2 potions of curing
 f - a potion of invisibility
 g - a potion of resistance {unknown}
 j - 2 potions of brilliance
 n - a potion of haste {unknown}
 q - a potion of heal wounds {unknown}


   Skills:
 - Level 1.1 Fighting
 - Level 2.1 Dodging
 * Level 9.1 Unarmed Combat
 + Level 6.5 Shapeshifting


You had 7 spell levels left.
You didn't know any spells.
Your spell library contained the following spells:

 Spells                   Type           Power      Damage    Failure   Level
 Freeze                   Ice            0%         1d3       52%         1
 Frozen Ramparts          Ice            0%         1d1       88%         3
 Hailstorm                Conj/Ice       0%         3d3       88%         3
 Manifold Assault         Tloc           0%         N/A       99%         4
 Dispersal                Tloc           0%         N/A       100%        6
 Disjunction              Tloc           0%         N/A       100%        8


Dungeon Overview and Level Annotations

Branches:
Dungeon (5/15) Zot: 1307
 Temple: D:4-7

Altars:
Ashenzari

Shops:
D:1 [:


Innate Abilities, Weirdness & Mutations

You are a hulking beast.
Your limbs bulge with bestial killing power. (Slay +3)
You passively map a small area around you.
You are easily found by Zot.
You glow in the dark.
You regain HP and MP as you explore.


Message History

The iguana bites you.
* * * LOW HITPOINT WARNING * * *
The water moccasin closely misses you.
You miss the phantom.
The phantom is almost destroyed.
You feel sick.
The water moccasin bites you but does no damage.
The phantom hits you but does no damage.
The iguana bites you but does no damage.
Unknown command.
You punch the phantom!
You destroy the phantom!
You feel sick.
The water moccasin bites you but does no damage.
The iguana bites you!
* * * LOW HITPOINT WARNING * * *
Your Unarmed Combat skill increases to level 9!
Unknown command.
You feel better. The water moccasin bites you.
* * * LOW HITPOINT WARNING * * *
The iguana completely misses you.
You punch the water moccasin!
The water moccasin is moderately wounded.
The water moccasin closely misses you. x2
Unknown command.
You punch the water moccasin!
The water moccasin is heavily wounded.
The iguana bites you but does no damage.
The water moccasin closely misses you.
Unknown command.
You miss the water moccasin. Your punch misses the water moccasin.
The water moccasin is heavily wounded.
The iguana barely misses you.
The water moccasin bites you but does no damage.
Unknown command.
You hit the water moccasin.
The water moccasin is severely wounded.
The water moccasin bites you but does no damage.
The iguana bites you!
You die...

************,,,,*,*,,****,,*,,*
*,,,,,,,.....#.*,,*,,*,,*,,*,,*
*,,,,,,,.......*,,####,.#..,,,*
*,,,,,,,.......*,,#..#..#..,,,*
*,,,,,,,.......####..#.....,,,**
*,,,,,,,.......#..#..#....,,,,,,
*,,,,,,,.......#..#.....###****,
**,,,,,,,.......#..#........,,,,,
*,,,,,,,,......Sh.......#********
,,,,,,,,,......l.....#..##
,,,,,,,,,......[.........####
,,~~~~~~~≈≈.###.#......#....#
,,~,,,,,,.≈,* #......).#....#####
*,~,*,***.~,* ####..........#####
*,~,*,,,*,~,* #....<#.....###.
*,~,*,_,*,~,* #.....#.........
*,~,*,,,*,~,*** ##..........#....


You could see a water moccasin and an iguana.

Vanquished Creatures
  Sigmund (D:5)
  A black bear (D:4)
  An ice beast (D:5)
  A phantom (D:5)
  2 scorpions
  Crazy Yiuf (D:3)
  A hound (D:5)
  Natasha (twice) (D:2)
  An orc wizard (D:3)
  An iguana (D:4)
  3 adders
  2 worms (D:2)
  2 dart slugs (D:4)
  4 orcs
  3 bats
  3 endoplasms
  3 giant cockroaches
  4 hobgoblins
  3 jackals (D:5)
  4 quokkas
  3 ball pythons
  2 frilled lizards (D:1)
  2 goblins
  4 kobolds
  8 rats
62 creatures vanquished.

Notes
Turn   | Place    | Note
-------+----------+-------------------------------------------
     0 | D:1      | lunkers the Meteoran Shapeshifter began the quest for the
                  | Orb.
     0 | D:1      | Reached XP level 1. HP: 16/16 MP: 2/2
    19 | D:1      | Found Athacwaf's Antique Armour Boutique.
    83 | D:1      | Reached XP level 2. HP: 23/23 MP: 3/3
   108 | D:1      | Reached skill level 4 in Unarmed Combat
   263 | D:1      | Found Faet's Book Shoppe.
   498 | D:2      | Noticed Natasha
   513 | D:2      | Killed Natasha
   514 | D:2      | Reached XP level 3. HP: 23/28 MP: 4/4
   514 | D:2      | Reached XP level 4. HP: 29/35 MP: 5/5
   556 | D:2      | Reached skill level 5 in Unarmed Combat
   749 | D:2      | Noticed Natasha
   752 | D:2      | Killed Natasha
   753 | D:2      | Reached XP level 5. HP: 40/40 MP: 6/6
  1007 | D:3      | Reached skill level 6 in Unarmed Combat
  1091 | D:3      | Found a runed translucent door.
  1092 | D:3      | Noticed Crazy Yiuf
  1168 | D:3      | Killed Crazy Yiuf
  1169 | D:3      | Reached XP level 6. HP: 47/47 MP: 7/7
  1382 | D:4      | Reached skill level 5 in Shapeshifting
  1504 | D:4      | Reached skill level 7 in Unarmed Combat
  1507 | D:4      | Found a broken altar of Ashenzari.
  1573 | D:4      | Identified the +0 chain mail "Damnable Contraption" {rC+
                  | Str+4}
  1574 | D:4      | Noticed a black bear
  1587 | D:4      | Killed a black bear
  1588 | D:4      | Reached XP level 7. HP: 46/52 MP: 8/8
  1620 | D:5      | Entered Level 5 of the Dungeon
  1620 | D:5      | Noticed Sigmund
  1628 | D:5      | Killed Sigmund
  1629 | D:5      | Reached skill level 8 in Unarmed Combat
  1645 | D:5      | Reached XP level 8. HP: 41/59 MP: 9/9
  1698 | D:5      | HP: 2/59 [iguana (11)]
  1699 | D:5      | Reached skill level 9 in Unarmed Combat
  1703 | D:5      | Slain by an iguana

Illustrated notes

Levels and vault maps discovered:
D:1:      lemuel_arrival_lava_pool, layout_basic, serial_shops, shop, shop
D:2:      layout_loops_ring, uniq_natasha
D:3:      layout_loops_corners, mainiacjoe_overflow_paths,
          uniq_crazy_yiuf_cottage
D:4:      layout_rooms, kennysheep_mini, cheibrodos_ashenzari_chains,
          nicolae_uskayaw_suspiria, chequers_big_river,
          nicolae_twisty_statue_hallways
D:5:      layout_rooms, mainiacjoe_overflow_24_doors,
          mainiacjoe_overflow_brackets, hangedman_abyss_or_decor_stagger,
          uniq_sigmund

Skill      XL: |  1  2  3  4  5  6  7  8 |
---------------+-------------------------+-----
Unarmed Combat | 4 5 6 7 8 9 |  9.1
Shapeshifting  | 4 5 6 |  6.5
Fighting       | |  1.1
Dodging        | |  2.1

Action                     |  1- 3 |  4- 6 |  7- 9 || total
---------------------------+-------+-------+-------++-------
  Melee: Unarmed           |    48 |   117 |    37 ||   202
         Punch             |     1 |     6 |     2 ||     9
    Use: Potion            |       |     1 |     1 ||     2
         Scroll            |       |     4 |     3 ||     7
 Armour: Animal skin       |    22 |     8 |       ||    30
         Ring mail         |       |    44 |    36 ||    80
         Skin              |       |     2 |       ||     2
  Dodge: Dodged            |    27 |    68 |    40 ||   135

Table legend: (Time is in decaauts)
 A = Elapsed time spent in this place.
 B = Non-inter-level travel time spent in this place.
 C = Inter-level travel time spent in this place.
 D = Time resting spent in this place.
 E = Time spent auto-exploring this place.
 F = Levels seen in this place.
 G = Mean time per level.
                   A        B        C        D        E       F      G
               +--------+--------+--------+--------+--------+-----+--------+
         Total |   1691 |   1584 |    107 |     49 |    997 |   5 |  338.2 |
       Dungeon |   1691 |   1584 |    107 |     49 |    997 |   5 |  338.2 |
               +--------+--------+--------+--------+--------+-----+--------+

Top non-repeatable levels by time:
     D:3: 460 daAuts
     D:1: 438 daAuts
     D:2: 384 daAuts
     D:4: 331 daAuts
     D:5: 77 daAuts
